Canucks vs Maple Leafs

Created - 18 décembre 2021 at 16:56

Goals
1 2 3 OT1 T
Canucks 2 1 0 1 4
Maple Leafs 1 1 1 0 3
Shots
1 2 3 OT1 T
Canucks 16 15 8 1 40
Maple Leafs 12 12 7 0 31

GoalsPenalties
1st period
1. Canucks , Ian Cole 1 (Joakim Nordstrom 6, Jack Hughes 7) at 2:55 (PP)
2. Maple Leafs , Brendan Gallagher 10 (Marcus Pettersson 8, Jake Evans 9) at 6:15
3. Canucks , Artem Zub 4 (Zach Sanford 6) at 18:52 (PP)
Nikita Zadorov (TOR) for Hooking (Minor) at 0:56
Jake Evans (TOR) for Holding (Minor) at 3:44
Marcus Pettersson (TOR) for Hooking (Minor) at 9:55
Zach Sanford (VAN) for Slashing (Minor) at 9:55
Jack Hughes (VAN) for Holding (Minor) at 12:19
P.K. Subban (VAN) for Interference (Minor) at 16:07
Dougie Hamilton (TOR) for Slashing (Minor) at 18:25
2nd period
4. Canucks , Jack Hughes 7 (Connor Clifton 6) at 1:21
5. Maple Leafs , Rudolfs Balcers 4 (Nikita Zadorov 11, Brendan Gallagher 9) at 5:43
Dougie Hamilton (TOR) for Interference (Minor) at 7:25
P.K. Subban (VAN) for High sticking (Minor) at 12:57
Marcus Pettersson (TOR) for High sticking (Minor) at 15:24
P.K. Subban (VAN) for Hooking (Minor) at 18:36
3rd period
6. Maple Leafs , Jake Gardiner 3 (Taylor Hall 19, Jamie Benn 10) at 7:47 (PP)
Alexander Radulov (TOR) for Hooking (Minor) at 0:08
Alexander Romanov (VAN) for Tripping (Minor) at 0:44
Dakota Mermis (VAN) for Kneeing (Minor) at 3:23
Connor Clifton (VAN) for Goalie Interference (Minor) at 6:10
Overtime #1
7. Canucks , Jack Hughes 8 (Artem Zub 13, Zach Sanford 7) at 1:21
No Penalty
Goalie Stats
Marc-Andre Fleury (VAN), 28 saves from 31 shots - (0,903), W, 8-15-0, 61:22 minutes
Juuse Saros (TOR), 36 saves from 40 shots - (0,900), OTL, 8-7-2, 61:22 minutes
3 StarsOfficial
1 - Jack Hughes (VAN)
2 - Artem Zub (VAN)
3 - Zach Sanford (VAN)
Referees : Ghislain Hebert and Jean Hebert
Linesman : Brandon Gawryletz and Derek Amell
Game Note
No Game Note
Finance
Level 1 -- Attendance: 4570 (91,40%) -- Ticket Income 342 750 $
Level 2 -- Attendance: 3787 (94,68%) -- Ticket Income 189 350 $
Level 3 -- Attendance: 2763 (92,10%) -- Ticket Income 82 890 $
Level 4 -- Attendance: 2594 (64,85%) -- Ticket Income 75 226 $
Luxury Box -- Attendance: 750 (75,00%) -- Ticket Income 142 500 $
Game was played at the Scotia Bank Arena.
Total Attendance: 14464 (85,08%)
Total Ticket Income: 832 716 $
Other Income: 408 031 $
Total Income: 1 240 747 $



Team Name Goals Shots Shots Attemp Shots Blocked PIM HIT PP PK FO%
Canucks 440711116272 / 6 (33%)158%
Maple Leafs 331621214191 / 7 (14%)242%

Canucks
Player Name POS G A P +/- PIM HIT SHT SB MP PP MP PP SHT PK MP PK SHT FO% FOT
Alexander KerfootC/LW/RW0001007014:154:0330:16033% 3
Alexander RomanovD0000222223:513:5725:4300% 0
Anthony BeauvillierLW000-1013022:394:2915:30025% 4
Artem ZubD1121032224:104:3425:2800% 0
Arttu RuotsalainenC000-101007:220:0000:00067% 6
Austin WagnerLW/RW000-101007:220:0000:0000% 0
Christian FischerRW000-100008:320:0001:100100% 1
Connor CliftonD011-1230110:200:0000:3800% 0
Dakota MermisD000-1220012:450:0002:5700% 0
David BackesC/RW000003008:570:0000:00025% 4
Ian ColeD1010011226:223:5815:2700% 0
Jack HughesC/LW/RW2132207122:014:0304:58148% 29
Joakim NordstromC/LW/RW0110002012:094:0310:00050% 8
P.K. SubbanD0000621223:204:3412:4100% 0
Patrice BergeronC000-1007022:544:2925:45073% 33
Quinton ByfieldC000-1022010:570:0000:00067% 3
Trevor MooreC/LW/RW000000208:060:0000:0000% 0
Zach SanfordC/LW/RW0222264122:264:2916:11067% 12
Maple Leafs
Player Name POS G A P +/- PIM HIT SHT SB MP PP MP PP SHT PK MP PK SHT FO% FOT
Alexander RadulovLW/RW0000232015:485:0200:0000% 1
Brendan GallagherRW1120011015:576:3800:0000% 0
Carl GunnarssonD0001020315:500:0004:5100% 0
Carter RowneyC/RW000000007:430:0004:31040% 5
Dougie HamiltonD000-1423126:206:3212:5200% 0
Jaccob SlavinD000-2010520:560:0005:0700% 0
Jake EvansC/RW0111211012:280:0003:34035% 20
Jake GardinerD1011001019:216:3211:1200% 0
Jakub VranaLW/RW0000026017:505:0310:0000% 2
Jamie BennC0110022026:306:3804:01044% 41
Jeff CarterC/LW0000001017:505:0300:00052% 29
Marcus PetterssonD0111413216:595:0920:0000% 0
Michael GrabnerLW/RW000000107:130:0004:0100% 1
Nikita ZadorovD0111220116:420:0003:0200% 0
Patrik LaineLW/RW0000005021:575:0940:5700% 2
Rudolfs BalcersLW101102208:550:0000:0000% 0
Taylor HallLW011-1003020:076:3810:00050% 2
William CarrierLW000000003:120:0000:0000% 0

Canucks

5 vs 5 Forward
Line #Left WingCenterRight WingPHYDFOFWanted %Time %Time Play
1Anthony BeauvillierPatrice BergeronQuinton Byfield1043029%10:34
2Alexander KerfootJack HughesZach Sanford2033028%9:56
3Trevor MooreJoakim NordstromDavid Backes2032423%8:06
4Austin WagnerArttu RuotsalainenChristian Fischer3021620%7:22
5 vs 5 Defense
Line #DefenseDefensePHYDFOFWanted %Time %Time Play
1P.K. SubbanArtem Zub1223031%11:05
2Ian ColeAlexander Romanov1223036%12:57
3Connor CliftonDakota Mermis1222427%9:43
4P.K. SubbanIan Cole122166%2:13
Power Play Forward
Line #Left WingCenterRight WingPHYDFOFWanted %Time %Time Play
1Anthony BeauvillierPatrice BergeronZach Sanford1225053%4:29
2Alexander KerfootJack HughesJoakim Nordstrom1225047%4:03
Power Play Defense
Line #DefenseDefensePHYDFOFWanted %Time %Time Play
1P.K. SubbanArtem Zub1225054%4:34
2Ian ColeAlexander Romanov1225046%3:58
Penalty Kill 4 Players Forward
Line #CenterWingPHYDFOFWanted %Time %Time Play
1Patrice BergeronAnthony Beauvillier1225047%5:30
2Zach SanfordJack Hughes1225053%6:11
Penalty Kill 4 Players Defense
Line #DefenseDefensePHYDFOFWanted %Time %Time Play
1P.K. SubbanArtem Zub1225058%6:46
2Ian ColeAlexander Romanov1225042%4:55
Penalty Kill 3 Players
Line #WingPHYDFOFWanted %Time %Time PlayDefenseDefensePHYDFOFWanted %Time %Time Play
1Patrice Bergeron122500%0:00 P.K. SubbanArtem Zub122500%0:00
2Anthony Beauvillier122500%0:00 Ian ColeAlexander Romanov122500%0:00
4 vs 4 Forward
Line #CenterWingPHYDFOFWanted %Time %Time Play
1Patrice BergeronAnthony Beauvillier1225034%1:18
2Zach SanfordJack Hughes1225066%2:31
4 vs 4 Defense
Line #DefensePHYDFOFWanted %Time %Time Play
1P.K. SubbanArtem Zub1225065%50% - 2:29
2Ian ColeAlexander Romanov1225035%50% - 1:20
Last Minutes Offensive
Left WingCenterRight WingDefenseDefense
Anthony BeauvillierPatrice BergeronZach SanfordP.K. SubbanArtem Zub
Last Minutes Defensive
Left WingCenterRight WingDefenseDefense
Anthony BeauvillierPatrice BergeronZach SanfordP.K. SubbanArtem Zub
Time
Total ForwardTotal DefenseLast Minutes OffensiveLast Minutes Defensive
60:00 60:00 0:000:00
Extra Forwards
Normal PowerPlayPenalty Kill
Quinton Byfield, David Backes, Christian FischerQuinton Byfield, David BackesChristian Fischer
Extra Defensemen
Normal PowerPlayPenalty Kill
P.K. Subban, Artem Zub, Ian ColeP.K. Subban, Dakota MermisArtem Zub
Penalty Shots
Patrice Bergeron, Anthony Beauvillier, Zach Sanford, Jack Hughes, Alexander Kerfoot
Goalie
Marc-Andre Fleury, Ilya Sorokin
Custom OT Lines Forwards
Patrice Bergeron, Anthony Beauvillier, Zach Sanford, Jack Hughes, Alexander Kerfoot, Quinton Byfield, Joakim Nordstrom, Christian Fischer, Arttu Ruotsalainen, David Backes
Custom OT Lines Defensemen
P.K. Subban, Artem Zub, Ian Cole, Alexander Romanov, Connor Clifton
Scratches
Sam Gagner (Healthy), Michael Frolik (Healthy), Thomas Hickey (Healthy)

Maple Leafs

5 vs 5 Forward
Line #Left WingCenterRight WingPHYDFOFWanted %Time %Time Play
1Taylor HallJamie BennPatrik Laine0053536%13:05
2Jakub VranaJeff CarterAlexander Radulov0143030%10:46
3Rudolfs BalcersJake EvansBrendan Gallagher0232525%8:55
4William CarrierCarter RowneyMichael Grabner023109%3:12
5 vs 5 Defense
Line #DefenseDefensePHYDFOFWanted %Time %Time Play
1Jaccob SlavinDougie Hamilton0413536%12:52
2Jake GardinerNikita Zadorov0413031%11:17
3Marcus PetterssonCarl Gunnarsson0502531%10:59
4Jaccob SlavinDougie Hamilton032102%0:50
Power Play Forward
Line #Left WingCenterRight WingPHYDFOFWanted %Time %Time Play
1Taylor HallJamie BennBrendan Gallagher0055057%6:38
2Jakub VranaJeff CarterAlexander Radulov0145043%5:03
Power Play Defense
Line #DefenseDefensePHYDFOFWanted %Time %Time Play
1Jake GardinerDougie Hamilton0415056%6:32
2Marcus PetterssonPatrik Laine0415044%5:09
Penalty Kill 4 Players Forward
Line #CenterWingPHYDFOFWanted %Time %Time Play
1Jake EvansCarter Rowney0325053%4:31
2Jamie BennMichael Grabner0415047%4:01
Penalty Kill 4 Players Defense
Line #DefenseDefensePHYDFOFWanted %Time %Time Play
1Jaccob SlavinNikita Zadorov0505044%3:46
2Carl GunnarssonDougie Hamilton0505056%4:46
Penalty Kill 3 Players
Line #WingPHYDFOFWanted %Time %Time PlayDefenseDefensePHYDFOFWanted %Time %Time Play
1Carter Rowney032500%0:00 Jaccob SlavinNikita Zadorov140500%0:00
2Jake Evans041500%0:00 Dougie HamiltonCarl Gunnarsson140500%0:00
4 vs 4 Forward
Line #CenterWingPHYDFOFWanted %Time %Time Play
1Jamie BennPatrik Laine0145047%1:48
2Jeff CarterJakub Vrana0145053%2:01
4 vs 4 Defense
Line #DefensePHYDFOFWanted %Time %Time Play
1Jaccob SlavinDougie Hamilton0415025%50% - 0:57
2Marcus PetterssonNikita Zadorov0415075%50% - 2:52
Last Minutes Offensive
Left WingCenterRight WingDefenseDefense
Taylor HallJamie BennPatrik LaineJaccob SlavinDougie Hamilton
Last Minutes Defensive
Left WingCenterRight WingDefenseDefense
Michael GrabnerCarter RowneyJake EvansJaccob SlavinDougie Hamilton
Time
Total ForwardTotal DefenseLast Minutes OffensiveLast Minutes Defensive
60:00 60:00 0:000:00
Extra Forwards
Normal PowerPlayPenalty Kill
Taylor Hall, Patrik Laine, Jamie BennJake Evans, Jeff CarterPatrik Laine
Extra Defensemen
Normal PowerPlayPenalty Kill
Nikita Zadorov, Jaccob Slavin, Dougie HamiltonMarcus Pettersson, Carl GunnarssonJaccob Slavin
Penalty Shots
Taylor Hall, Patrik Laine, Jakub Vrana, Alexander Radulov, Brendan Gallagher
Goalie
Juuse Saros, Aaron Dell
Custom OT Lines Forwards
Patrik Laine, Jamie Benn, Taylor Hall, Brendan Gallagher, Jakub Vrana, Alexander Radulov, Jeff Carter, Jake Evans, Carter Rowney, Rudolfs Balcers
Custom OT Lines Defensemen
Dougie Hamilton, Jaccob Slavin, Nikita Zadorov, Carl Gunnarsson, Marcus Pettersson
Scratches
Brendan Smith (Healthy), Slater Koekkoek (Healthy), Greg Pateryn (Healthy)


Play-by-Play

1st period


0:01 of 1st period - Jamie Benn wins face-off versus Patrice Bergeron in neutral zone.
0:01 of 1st period - Jaccob Slavin is hit by Quinton Byfield and loses puck.
0:39 of 1st period - Shot by Patrik Laine.
0:39 of 1st period - Stopped by Marc-Andre Fleury without a rebound.
0:40 of 1st period - Jeff Carter wins face-off versus Jack Hughes in Canucks zone.
0:56 of 1st period - Minor Penalty to Nikita Zadorov for Hooking.
0:57 of 1st period - Jack Hughes wins face-off versus Jake Evans in Maple Leafs zone.
2:01 of 1st period - Off-side.
2:02 of 1st period - Jamie Benn wins face-off versus Patrice Bergeron in neutral zone.
2:29 of 1st period - Off-side.
2:30 of 1st period - Jack Hughes wins face-off versus Jake Evans in neutral zone.
2:35 of 1st period - Shot by Joakim Nordstrom.
2:35 of 1st period - Shot Misses the Net.
2:37 of 1st period - Shot by Alexander Kerfoot.
2:37 of 1st period - Shot Misses the Net.
2:39 of 1st period - Shot by Alexander Romanov.
2:39 of 1st period - Stopped by Juuse Saros without a rebound.
2:40 of 1st period - Jamie Benn wins face-off versus Jack Hughes in Maple Leafs zone.
2:51 of 1st period - Shot by Jack Hughes.
2:51 of 1st period - Shot Misses the Net.
2:53 of 1st period - Shot by Joakim Nordstrom.
2:53 of 1st period - Shot Blocked by Jaccob Slavin.
2:55 of 1st period - Shot by Ian Cole.
2:55 of 1st period - Goal by Ian Cole - Canucks : 1 - Maple Leafs : 0.
2:56 of 1st period - Arttu Ruotsalainen wins face-off versus Jakub Vrana in neutral zone.
3:28 of 1st period - Arttu Ruotsalainen is hit by Alexander Radulov and loses puck.
3:33 of 1st period - Shot by Jeff Carter.
3:33 of 1st period - Shot Misses the Net.
3:37 of 1st period - Shot by Alexander Radulov.
3:37 of 1st period - Deflect By Jakub Vrana.
3:37 of 1st period - Stopped by Marc-Andre Fleury with a rebound.
3:44 of 1st period - Minor Penalty to Jake Evans for Holding.
3:45 of 1st period - Zach Sanford wins face-off versus Jamie Benn in Maple Leafs zone.
3:46 of 1st period - Shot by P.K. Subban.
3:46 of 1st period - Shot Blocked by Carl Gunnarsson.
4:28 of 1st period - Shot by Patrice Bergeron.
4:28 of 1st period - Shot Blocked by Jaccob Slavin.
5:11 of 1st period - Shot by Alexander Romanov.
5:11 of 1st period - The goal is going for a video replay.
5:11 of 1st period - The goal is refused.
5:12 of 1st period - Jack Hughes wins face-off versus Patrik Laine in Maple Leafs zone.
5:12 of 1st period - Alexander Kerfoot is hit by Carl Gunnarsson and loses puck.
5:17 of 1st period - Shot by Alexander Kerfoot.
5:17 of 1st period - Stopped by Juuse Saros without a rebound.
5:18 of 1st period - Jamie Benn wins face-off versus Jack Hughes in Maple Leafs zone.
5:35 of 1st period - Shot by Alexander Kerfoot.
5:35 of 1st period - Stopped by Juuse Saros without a rebound.
5:36 of 1st period - Patrice Bergeron wins face-off versus Jamie Benn in Maple Leafs zone.
5:58 of 1st period - Marcus Pettersson is hit by Connor Clifton and loses puck.
6:15 of 1st period - Shot by Brendan Gallagher.
6:15 of 1st period - Goal by Brendan Gallagher - Canucks : 1 - Maple Leafs : 1.
6:16 of 1st period - Jack Hughes wins face-off versus Jamie Benn in neutral zone.
6:31 of 1st period - Icing by Jamie Benn.
6:32 of 1st period - Joakim Nordstrom wins face-off versus Jamie Benn in Maple Leafs zone.
7:21 of 1st period - Shot by Brendan Gallagher.
7:21 of 1st period - Shot Misses the Net.
8:00 of 1st period - Shot by Rudolfs Balcers.
8:00 of 1st period - Shot Blocked by Jack Hughes.
8:28 of 1st period - Shot by Alexander Radulov.
8:28 of 1st period - Shot Misses the Net.
8:30 of 1st period - Shot by Carl Gunnarsson.
8:30 of 1st period - Shot Misses the Net.
8:32 of 1st period - Shot by Jakub Vrana.
8:32 of 1st period - Stopped by Marc-Andre Fleury without a rebound.
8:33 of 1st period - Carter Rowney wins face-off versus Patrice Bergeron in Canucks zone.
8:36 of 1st period - Shot by Michael Grabner.
8:36 of 1st period - Shot Misses the Net.
8:42 of 1st period - Shot by Quinton Byfield.
8:42 of 1st period - Stopped by Juuse Saros with a rebound.
8:44 of 1st period - Shot by Patrice Bergeron.
8:44 of 1st period - Stopped by Juuse Saros without a rebound.
8:45 of 1st period - Arttu Ruotsalainen wins face-off versus Jamie Benn in Maple Leafs zone.
8:56 of 1st period - Shot by Taylor Hall.
8:56 of 1st period - Stopped by Marc-Andre Fleury without a rebound.
8:57 of 1st period - Jeff Carter wins face-off versus Patrice Bergeron in Canucks zone.
8:57 of 1st period - Alexander Radulov is hit by P.K. Subban and loses puck.
9:05 of 1st period - Jakub Vrana is hit by P.K. Subban and loses puck.
9:14 of 1st period - Shot by Dougie Hamilton.
9:14 of 1st period - Stopped by Marc-Andre Fleury with a rebound.
9:39 of 1st period - Dougie Hamilton is hit by Artem Zub and loses puck.
9:55 of 1st period - Minor Penalty to Marcus Pettersson for Hooking.
9:55 of 1st period - Minor Penalty to Zach Sanford for Slashing.
9:56 of 1st period - Jamie Benn wins face-off versus David Backes in Maple Leafs zone.
9:58 of 1st period - Icing by Patrik Laine.
9:59 of 1st period - David Backes wins face-off versus Jamie Benn in Maple Leafs zone.
11:13 of 1st period - Off-side.
11:14 of 1st period - Quinton Byfield wins face-off versus Jeff Carter in neutral zone.
11:17 of 1st period - Jeff Carter is hit by Quinton Byfield and loses puck.
11:22 of 1st period - Shot by Jack Hughes.
11:22 of 1st period - Shot Blocked by Jaccob Slavin.
11:24 of 1st period - Shot by Ian Cole.
11:24 of 1st period - Shot Misses the Net.
11:26 of 1st period - Shot by Quinton Byfield.
11:26 of 1st period - Shot Misses the Net.
11:28 of 1st period - Shot by Jack Hughes.
11:28 of 1st period - Stopped by Juuse Saros without a rebound.
11:29 of 1st period - Patrice Bergeron wins face-off versus Jeff Carter in Maple Leafs zone.
11:46 of 1st period - Shot by Jakub Vrana.
11:46 of 1st period - Stopped by Marc-Andre Fleury without a rebound.
11:47 of 1st period - Jeff Carter wins face-off versus Quinton Byfield in Canucks zone.
12:16 of 1st period - Shot by Trevor Moore.
12:16 of 1st period - Stopped by Juuse Saros with a rebound.
12:18 of 1st period - Shot by Joakim Nordstrom.
12:18 of 1st period - Stopped by Juuse Saros without a rebound.
12:19 of 1st period - Jamie Benn wins face-off versus Jack Hughes in Maple Leafs zone.
12:19 of 1st period - Minor Penalty to Jack Hughes for Holding.
12:20 of 1st period - Jeff Carter wins face-off versus Patrice Bergeron in Canucks zone.
12:21 of 1st period - Shot by Patrik Laine.
12:21 of 1st period - Stopped by Marc-Andre Fleury without a rebound.
12:22 of 1st period - Zach Sanford wins face-off versus Jamie Benn in Canucks zone.
12:35 of 1st period - Shot by Patrice Bergeron.
12:35 of 1st period - Shot Blocked by Marcus Pettersson.
13:07 of 1st period - Shot by Jamie Benn.
13:07 of 1st period - Shot Blocked by Alexander Romanov.
13:36 of 1st period - Shot by Alexander Radulov.
13:36 of 1st period - Shot Blocked by Artem Zub.
14:08 of 1st period - Marcus Pettersson is hit by Zach Sanford and loses puck.
14:17 of 1st period - Shot by Patrik Laine.
14:17 of 1st period - Stopped by Marc-Andre Fleury with a rebound.
14:19 of 1st period - Shot by Jamie Benn.
14:19 of 1st period - Deflect By Michael Grabner.
14:19 of 1st period - Stopped by Marc-Andre Fleury without a rebound.
14:20 of 1st period - Carter Rowney wins face-off versus David Backes in Canucks zone.
14:20 of 1st period - Jaccob Slavin is hit by Connor Clifton and loses puck.
14:49 of 1st period - Shot by Carter Rowney.
14:49 of 1st period - Shot Misses the Net.
14:51 of 1st period - Shot by Carter Rowney.
14:51 of 1st period - Deflect By Michael Grabner.
14:51 of 1st period - Shot Misses the Net.
14:54 of 1st period - Michael Grabner is hit by Dakota Mermis and loses puck.
15:07 of 1st period - Shot by Rudolfs Balcers.
15:07 of 1st period - Stopped by Marc-Andre Fleury without a rebound.
15:08 of 1st period - Patrice Bergeron wins face-off versus Jamie Benn in Canucks zone.
15:46 of 1st period - Off-side.
15:47 of 1st period - Jeff Carter wins face-off versus Jack Hughes in neutral zone.
16:00 of 1st period - Shot by Jakub Vrana.
16:00 of 1st period - Shot Misses the Net.
16:07 of 1st period - Minor Penalty to P.K. Subban for Interference.
16:08 of 1st period - Patrice Bergeron wins face-off versus Taylor Hall in Canucks zone.
16:29 of 1st period - Shot by Patrik Laine.
16:29 of 1st period - Shot Blocked by Artem Zub.
16:31 of 1st period - Shot by Marcus Pettersson.
16:31 of 1st period - Stopped by Marc-Andre Fleury without a rebound.
16:32 of 1st period - Zach Sanford wins face-off versus Jeff Carter in Canucks zone.
16:41 of 1st period - Ian Cole is hit by Jakub Vrana and loses puck.
16:49 of 1st period - Icing by Jake Gardiner.
16:50 of 1st period - Zach Sanford wins face-off versus Jeff Carter in Maple Leafs zone.
17:30 of 1st period - Icing by Dougie Hamilton.
17:31 of 1st period - Zach Sanford wins face-off versus Alexander Radulov in Maple Leafs zone.
17:40 of 1st period - Shot by Jack Hughes.
17:40 of 1st period - Stopped by Juuse Saros without a rebound.
17:41 of 1st period - Zach Sanford wins face-off versus Jamie Benn in Maple Leafs zone.
18:25 of 1st period - Minor Penalty to Dougie Hamilton for Slashing.
18:26 of 1st period - Patrice Bergeron wins face-off versus Jake Evans in Maple Leafs zone.
18:29 of 1st period - Shot by Patrice Bergeron.
18:29 of 1st period - Stopped by Juuse Saros without a rebound.
18:30 of 1st period - Jack Hughes wins face-off versus Jamie Benn in Maple Leafs zone.
18:35 of 1st period - Shot by Jack Hughes.
18:35 of 1st period - Deflect By Alexander Kerfoot.
18:35 of 1st period - Stopped by Juuse Saros without a rebound.
18:36 of 1st period - Jamie Benn wins face-off versus Patrice Bergeron in Maple Leafs zone.
18:36 of 1st period - Jamie Benn is hit by Zach Sanford.
18:52 of 1st period - Shot by Artem Zub.
18:52 of 1st period - Goal by Artem Zub - Canucks : 2 - Maple Leafs : 1.
18:53 of 1st period - Jamie Benn wins face-off versus Joakim Nordstrom in neutral zone.
19:04 of 1st period - Shot by Jamie Benn.
19:04 of 1st period - Deflect By Patrik Laine.
19:04 of 1st period - Shot Misses the Net.
19:09 of 1st period - Off-side.
19:10 of 1st period - Jack Hughes wins face-off versus Jeff Carter in neutral zone.
19:16 of 1st period - Shot by Alexander Kerfoot.
19:16 of 1st period - Stopped by Juuse Saros without a rebound.
19:17 of 1st period - Jamie Benn wins face-off versus Jack Hughes in Maple Leafs zone.
19:17 of 1st period - Jamie Benn is hit by Zach Sanford.
19:27 of 1st period - Shot by Alexander Kerfoot.
19:27 of 1st period - Shot Misses the Net.
19:53 of 1st period - Shot by Alexander Kerfoot.
19:53 of 1st period - Deflect By Jack Hughes.
19:53 of 1st period - Stopped by Juuse Saros with a rebound.
Goals for this period are 2 for Canucks vs 1 for Maple Leafs.
Shots for this period are 16 for Canucks vs 12 for Maple Leafs.

2nd period


0:01 of 2nd period - Quinton Byfield wins face-off versus Jamie Benn in neutral zone.
0:57 of 2nd period - Shot by Jakub Vrana.
0:57 of 2nd period - Stopped by Marc-Andre Fleury without a rebound.
0:58 of 2nd period - Jake Evans wins face-off versus Jack Hughes in Canucks zone.
0:58 of 2nd period - Jaccob Slavin is hit by Connor Clifton and loses puck.
1:21 of 2nd period - Shot by Jack Hughes.
1:21 of 2nd period - Goal by Jack Hughes - Canucks : 3 - Maple Leafs : 1.
1:22 of 2nd period - Joakim Nordstrom wins face-off versus Jeff Carter in neutral zone.
1:22 of 2nd period - Joakim Nordstrom is hit by Jakub Vrana.
1:26 of 2nd period - Carl Gunnarsson is hit by David Backes and loses puck.
1:33 of 2nd period - P.K. Subban is hit by Alexander Radulov.
1:43 of 2nd period - Shot by Jeff Carter.
1:43 of 2nd period - Shot Misses the Net.
1:54 of 2nd period - Trevor Moore is hit by Marcus Pettersson.
3:52 of 2nd period - Shot by Anthony Beauvillier.
3:52 of 2nd period - Stopped by Juuse Saros without a rebound.
3:53 of 2nd period - Jeff Carter wins face-off versus Arttu Ruotsalainen in Maple Leafs zone.
4:18 of 2nd period - Shot by Alexander Radulov.
4:18 of 2nd period - Shot Blocked by Ian Cole.
4:34 of 2nd period - Carl Gunnarsson is hit by Austin Wagner and loses puck.
4:45 of 2nd period - Shot by Zach Sanford.
4:45 of 2nd period - Stopped by Juuse Saros without a rebound.
4:46 of 2nd period - Jack Hughes wins face-off versus Jake Evans in Maple Leafs zone.
4:46 of 2nd period - Jack Hughes is hit by Nikita Zadorov.
4:48 of 2nd period - Shot by Alexander Kerfoot.
4:48 of 2nd period - Stopped by Juuse Saros without a rebound.
4:49 of 2nd period - Jack Hughes wins face-off versus Jamie Benn in Maple Leafs zone.
5:02 of 2nd period - Shot by Taylor Hall.
5:02 of 2nd period - Stopped by Marc-Andre Fleury without a rebound.
5:03 of 2nd period - Patrice Bergeron wins face-off versus Jake Evans in Canucks zone.
5:24 of 2nd period - Patrice Bergeron is hit by Jake Evans and loses puck.
5:43 of 2nd period - Shot by Rudolfs Balcers.
5:43 of 2nd period - Goal by Rudolfs Balcers - Canucks : 3 - Maple Leafs : 2.
5:44 of 2nd period - Jamie Benn wins face-off versus Jack Hughes in neutral zone.
5:47 of 2nd period - Shot by Jamie Benn.
5:47 of 2nd period - Stopped by Marc-Andre Fleury with a rebound.
5:49 of 2nd period - Shot by Dougie Hamilton.
5:49 of 2nd period - Stopped by Marc-Andre Fleury without a rebound.
5:50 of 2nd period - Alexander Kerfoot wins face-off versus Jamie Benn in Canucks zone.
5:57 of 2nd period - Jaccob Slavin is hit by Zach Sanford and loses puck.
6:04 of 2nd period - Shot by Jack Hughes.
6:04 of 2nd period - Stopped by Juuse Saros without a rebound.
6:05 of 2nd period - Joakim Nordstrom wins face-off versus Jeff Carter in Maple Leafs zone.
6:09 of 2nd period - Icing by Marcus Pettersson.
6:10 of 2nd period - Jeff Carter wins face-off versus Alexander Kerfoot in Maple Leafs zone.
6:15 of 2nd period - Shot by Alexander Radulov.
6:15 of 2nd period - Stopped by Marc-Andre Fleury with a rebound.
6:17 of 2nd period - Shot by Carl Gunnarsson.
6:17 of 2nd period - Shot Blocked by Alexander Romanov.
6:19 of 2nd period - Shot by Marcus Pettersson.
6:19 of 2nd period - Stopped by Marc-Andre Fleury without a rebound.
6:20 of 2nd period - Patrice Bergeron wins face-off versus Jamie Benn in Canucks zone.
6:29 of 2nd period - Shot by Patrice Bergeron.
6:29 of 2nd period - Shot Misses the Net.
6:31 of 2nd period - Shot by Patrice Bergeron.
6:31 of 2nd period - Stopped by Juuse Saros with a rebound.
6:33 of 2nd period - Shot by Patrice Bergeron.
6:33 of 2nd period - Stopped by Juuse Saros without a rebound.
6:34 of 2nd period - Jack Hughes wins face-off versus Jeff Carter in Maple Leafs zone.
6:49 of 2nd period - Shot by Alexander Kerfoot.
6:49 of 2nd period - Stopped by Juuse Saros without a rebound.
6:50 of 2nd period - Patrice Bergeron wins face-off versus Patrik Laine in Maple Leafs zone.
6:53 of 2nd period - Shot by Quinton Byfield.
6:53 of 2nd period - Stopped by Juuse Saros without a rebound.
6:54 of 2nd period - Jack Hughes wins face-off versus Jamie Benn in Maple Leafs zone.
6:58 of 2nd period - Alexander Kerfoot is hit by Dougie Hamilton and loses puck.
7:03 of 2nd period - Shot by Alexander Kerfoot.
7:03 of 2nd period - Shot Blocked by Jaccob Slavin.
7:05 of 2nd period - Shot by Zach Sanford.
7:05 of 2nd period - Shot Misses the Net.
7:17 of 2nd period - Jack Hughes is hit by Dougie Hamilton and loses puck.
7:25 of 2nd period - Minor Penalty to Dougie Hamilton for Interference.
7:26 of 2nd period - Anthony Beauvillier wins face-off versus Jake Evans in Maple Leafs zone.
7:29 of 2nd period - Shot by P.K. Subban.
7:29 of 2nd period - Stopped by Juuse Saros with a rebound.
7:31 of 2nd period - Shot by Zach Sanford.
7:31 of 2nd period - Stopped by Juuse Saros without a rebound.
7:32 of 2nd period - Jack Hughes wins face-off versus Jake Evans in Maple Leafs zone.
7:33 of 2nd period - Shot by Ian Cole.
7:33 of 2nd period - Shot Misses the Net.
7:35 of 2nd period - Shot by Alexander Kerfoot.
7:35 of 2nd period - Shot Blocked by Jaccob Slavin.
8:38 of 2nd period - Shot by Patrice Bergeron.
8:38 of 2nd period - Stopped by Juuse Saros without a rebound.
8:39 of 2nd period - Patrice Bergeron wins face-off versus Jake Evans in Maple Leafs zone.
9:06 of 2nd period - Icing by Zach Sanford.
9:07 of 2nd period - Patrice Bergeron wins face-off versus Jake Evans in Canucks zone.
9:27 of 2nd period - Shot by Jack Hughes.
9:27 of 2nd period - Shot Misses the Net.
10:01 of 2nd period - Shot by Arttu Ruotsalainen.
10:01 of 2nd period - Shot Blocked by Dougie Hamilton.
10:23 of 2nd period - Jamie Benn is hit by Arttu Ruotsalainen and loses puck.
11:20 of 2nd period - Icing by Ian Cole.
11:21 of 2nd period - Jake Evans wins face-off versus Joakim Nordstrom in Canucks zone.
11:28 of 2nd period - Joakim Nordstrom is hit by Rudolfs Balcers.
11:41 of 2nd period - Marcus Pettersson is hit by David Backes and loses puck.
12:24 of 2nd period - Icing by Ian Cole.
12:25 of 2nd period - Jeff Carter wins face-off versus David Backes in Canucks zone.
12:30 of 2nd period - Shot by Jakub Vrana.
12:30 of 2nd period - Stopped by Marc-Andre Fleury without a rebound.
12:31 of 2nd period - Jeff Carter wins face-off versus Anthony Beauvillier in Canucks zone.
12:31 of 2nd period - Jeff Carter is hit by Artem Zub.
12:57 of 2nd period - Shot by Alexander Radulov.
12:57 of 2nd period - Stopped by Marc-Andre Fleury without a rebound.
12:57 of 2nd period - Minor Penalty to P.K. Subban for High sticking.
12:58 of 2nd period - Jamie Benn wins face-off versus Zach Sanford in Canucks zone.
13:27 of 2nd period - Shot by Brendan Gallagher.
13:27 of 2nd period - Deflect By Taylor Hall.
13:27 of 2nd period - Shot Misses the Net.
13:29 of 2nd period - Shot by Marcus Pettersson.
13:29 of 2nd period - Stopped by Marc-Andre Fleury with a rebound.
14:39 of 2nd period - Shot by Marcus Pettersson.
14:39 of 2nd period - Shot Blocked by Connor Clifton.
14:41 of 2nd period - Shot by Taylor Hall.
14:41 of 2nd period - Shot Blocked by Zach Sanford.
14:43 of 2nd period - Shot by Patrik Laine.
14:43 of 2nd period - Stopped by Marc-Andre Fleury without a rebound.
14:44 of 2nd period - Christian Fischer wins face-off versus Jamie Benn in Canucks zone.
15:08 of 2nd period - William Carrier is hit by Ian Cole and loses puck.
15:24 of 2nd period - Minor Penalty to Marcus Pettersson for High sticking.
15:25 of 2nd period - Jake Evans wins face-off versus Jack Hughes in Maple Leafs zone.
15:55 of 2nd period - Off-side.
15:56 of 2nd period - Patrice Bergeron wins face-off versus Michael Grabner in neutral zone.
15:59 of 2nd period - Shot by Alexander Romanov.
15:59 of 2nd period - Shot Misses the Net.
16:25 of 2nd period - Shot by Anthony Beauvillier.
16:25 of 2nd period - Stopped by Juuse Saros without a rebound.
16:26 of 2nd period - Jack Hughes wins face-off versus Jake Evans in Maple Leafs zone.
16:26 of 2nd period - Alexander Kerfoot is hit by Carl Gunnarsson and loses puck.
16:33 of 2nd period - Shot by Joakim Nordstrom.
16:33 of 2nd period - Stopped by Juuse Saros without a rebound.
16:34 of 2nd period - Jack Hughes wins face-off versus Jake Evans in Maple Leafs zone.
16:56 of 2nd period - Shot by Artem Zub.
16:56 of 2nd period - Stopped by Juuse Saros without a rebound.
16:57 of 2nd period - Patrice Bergeron wins face-off versus Jake Evans in Maple Leafs zone.
17:38 of 2nd period - Shot by Austin Wagner.
17:38 of 2nd period - Shot Misses the Net.
17:52 of 2nd period - Shot by Arttu Ruotsalainen.
17:52 of 2nd period - Shot Blocked by Carl Gunnarsson.
18:29 of 2nd period - Shot by Jamie Benn.
18:29 of 2nd period - Stopped by Marc-Andre Fleury without a rebound.
18:30 of 2nd period - Jake Evans wins face-off versus Patrice Bergeron in Canucks zone.
18:35 of 2nd period - Shot by Brendan Gallagher.
18:35 of 2nd period - Shot Misses the Net.
18:36 of 2nd period - Minor Penalty to P.K. Subban for Hooking.
18:37 of 2nd period - Jamie Benn wins face-off versus Patrice Bergeron in Canucks zone.
19:57 of 2nd period - Shot by Patrik Laine.
19:57 of 2nd period - Shot Misses the Net.
Goals for this period are 1 for Canucks vs 1 for Maple Leafs.
Shots for this period are 15 for Canucks vs 12 for Maple Leafs.

3rd period


0:01 of 3rd period - Patrice Bergeron wins face-off versus Jeff Carter in neutral zone.
0:01 of 3rd period - Patrice Bergeron is hit by Alexander Radulov.
0:08 of 3rd period - Minor Penalty to Alexander Radulov for Hooking.
0:09 of 3rd period - Patrice Bergeron wins face-off versus Jakub Vrana in Maple Leafs zone.
0:09 of 3rd period - Artem Zub is hit by Jaccob Slavin and loses puck.
0:16 of 3rd period - Shot by Anthony Beauvillier.
0:16 of 3rd period - Stopped by Juuse Saros without a rebound.
0:17 of 3rd period - Jeff Carter wins face-off versus Patrice Bergeron in Maple Leafs zone.
0:17 of 3rd period - Jeff Carter is hit by Anthony Beauvillier.
0:44 of 3rd period - Minor Penalty to Alexander Romanov for Tripping.
0:45 of 3rd period - Jamie Benn wins face-off versus Zach Sanford in Canucks zone.
0:49 of 3rd period - Icing by Artem Zub.
0:50 of 3rd period - Zach Sanford wins face-off versus Jeff Carter in Canucks zone.
1:33 of 3rd period - Shot by Jakub Vrana.
1:33 of 3rd period - Shot Misses the Net.
2:08 of 3rd period - Off-side.
2:09 of 3rd period - Patrice Bergeron wins face-off versus Jamie Benn in neutral zone.
2:09 of 3rd period - Patrice Bergeron is hit by Brendan Gallagher.
3:08 of 3rd period - Shot by Trevor Moore.
3:08 of 3rd period - Stopped by Juuse Saros without a rebound.
3:09 of 3rd period - Jeff Carter wins face-off versus Arttu Ruotsalainen in Maple Leafs zone.
3:23 of 3rd period - Minor Penalty to Dakota Mermis for Kneeing.
3:24 of 3rd period - Jeff Carter wins face-off versus Anthony Beauvillier in Canucks zone.
3:29 of 3rd period - Shot by Patrik Laine.
3:29 of 3rd period - Shot Misses the Net.
3:31 of 3rd period - Shot by Marcus Pettersson.
3:31 of 3rd period - Shot Blocked by P.K. Subban.
4:03 of 3rd period - Shot by Patrik Laine.
4:03 of 3rd period - Stopped by Marc-Andre Fleury with a rebound.
4:16 of 3rd period - Off-side.
4:17 of 3rd period - Jamie Benn wins face-off versus Zach Sanford in neutral zone.
4:26 of 3rd period - Shot by Dougie Hamilton.
4:26 of 3rd period - Stopped by Marc-Andre Fleury without a rebound.
4:27 of 3rd period - Patrice Bergeron wins face-off versus Jamie Benn in Canucks zone.
4:45 of 3rd period - Off-side.
4:46 of 3rd period - Zach Sanford wins face-off versus Jeff Carter in neutral zone.
4:55 of 3rd period - Shot by Patrik Laine.
4:55 of 3rd period - Shot Misses the Net.
4:57 of 3rd period - Shot by Jakub Vrana.
4:57 of 3rd period - Stopped by Marc-Andre Fleury without a rebound.
4:58 of 3rd period - Patrice Bergeron wins face-off versus Jamie Benn in Canucks zone.
5:06 of 3rd period - Taylor Hall is hit by Alexander Romanov and loses puck.
5:50 of 3rd period - Shot by Jeff Carter.
5:50 of 3rd period - Stopped by Marc-Andre Fleury without a rebound.
5:51 of 3rd period - Jake Evans wins face-off versus Alexander Kerfoot in Canucks zone.
6:07 of 3rd period - Jake Evans is hit by Dakota Mermis.
6:10 of 3rd period - Minor Penalty to Connor Clifton for Goalie Interference.
6:11 of 3rd period - Patrice Bergeron wins face-off versus Jeff Carter in Canucks zone.
7:05 of 3rd period - Icing by Taylor Hall.
7:06 of 3rd period - Jamie Benn wins face-off versus Zach Sanford in Maple Leafs zone.
7:27 of 3rd period - Shot by Taylor Hall.
7:27 of 3rd period - Shot Misses the Net.
7:29 of 3rd period - Shot by Brendan Gallagher.
7:29 of 3rd period - Shot Blocked by Ian Cole.
7:31 of 3rd period - Shot by Dougie Hamilton.
7:31 of 3rd period - Shot Misses the Net.
7:45 of 3rd period - Shot by Taylor Hall.
7:45 of 3rd period - Stopped by Marc-Andre Fleury with a rebound.
7:47 of 3rd period - Shot by Jake Gardiner.
7:47 of 3rd period - Goal by Jake Gardiner - Canucks : 3 - Maple Leafs : 3.
7:48 of 3rd period - Patrice Bergeron wins face-off versus Carter Rowney in neutral zone.
7:55 of 3rd period - Shot by Anthony Beauvillier.
7:55 of 3rd period - Shot Misses the Net.
8:23 of 3rd period - Shot by Michael Grabner.
8:23 of 3rd period - Shot Blocked by P.K. Subban.
8:46 of 3rd period - Off-side.
8:47 of 3rd period - Joakim Nordstrom wins face-off versus Jamie Benn in neutral zone.
8:47 of 3rd period - Alexander Romanov is hit by Jamie Benn and loses puck.
10:12 of 3rd period - Shot by Alexander Kerfoot.
10:12 of 3rd period - Shot Misses the Net.
10:14 of 3rd period - Shot by Zach Sanford.
10:14 of 3rd period - Stopped by Juuse Saros without a rebound.
10:15 of 3rd period - Patrice Bergeron wins face-off versus Jeff Carter in Maple Leafs zone.
10:18 of 3rd period - Shot by Quinton Byfield.
10:18 of 3rd period - Deflect By Patrice Bergeron.
10:18 of 3rd period - Shot Blocked by Carl Gunnarsson.
10:26 of 3rd period - Shot by Anthony Beauvillier.
10:26 of 3rd period - Deflect By Patrice Bergeron.
10:26 of 3rd period - Shot Misses the Net.
10:40 of 3rd period - Jeff Carter is hit by Artem Zub and loses puck.
11:05 of 3rd period - Icing by Marcus Pettersson.
11:06 of 3rd period - Jeff Carter wins face-off versus Jack Hughes in Maple Leafs zone.
11:34 of 3rd period - Shot by Zach Sanford.
11:34 of 3rd period - Stopped by Juuse Saros without a rebound.
11:35 of 3rd period - Jake Evans wins face-off versus Joakim Nordstrom in Maple Leafs zone.
11:35 of 3rd period - Jake Evans is hit by David Backes.
11:45 of 3rd period - Shot by Brendan Gallagher.
11:45 of 3rd period - Shot Misses the Net.
11:47 of 3rd period - Shot by Jake Evans.
11:47 of 3rd period - Stopped by Marc-Andre Fleury without a rebound.
11:48 of 3rd period - Arttu Ruotsalainen wins face-off versus Jamie Benn in Canucks zone.
12:16 of 3rd period - Icing by Jaccob Slavin.
12:17 of 3rd period - Taylor Hall wins face-off versus Jack Hughes in Maple Leafs zone.
12:17 of 3rd period - Taylor Hall is hit by Zach Sanford.
12:42 of 3rd period - Icing by Dougie Hamilton.
12:43 of 3rd period - Jamie Benn wins face-off versus Anthony Beauvillier in Maple Leafs zone.
13:01 of 3rd period - P.K. Subban is hit by Jamie Benn and loses puck.
13:16 of 3rd period - Icing by Taylor Hall.
13:17 of 3rd period - Jamie Benn wins face-off versus Jack Hughes in Maple Leafs zone.
13:17 of 3rd period - Jamie Benn is hit by Zach Sanford.
13:28 of 3rd period - Icing by Ian Cole.
13:29 of 3rd period - Jack Hughes wins face-off versus Jake Evans in Canucks zone.
13:51 of 3rd period - Ian Cole is hit by Rudolfs Balcers and loses puck.
14:06 of 3rd period - Icing by Zach Sanford.
14:07 of 3rd period - Jeff Carter wins face-off versus Jack Hughes in Canucks zone.
14:16 of 3rd period - Shot by Zach Sanford.
14:16 of 3rd period - Shot Misses the Net.
14:18 of 3rd period - Shot by Zach Sanford.
14:18 of 3rd period - Shot Misses the Net.
14:58 of 3rd period - Icing by Carl Gunnarsson.
14:59 of 3rd period - Jeff Carter wins face-off versus Joakim Nordstrom in Maple Leafs zone.
15:19 of 3rd period - Icing by Nikita Zadorov.
15:20 of 3rd period - Arttu Ruotsalainen wins face-off versus Jamie Benn in Maple Leafs zone.
15:42 of 3rd period - Taylor Hall is hit by Alexander Romanov and loses puck.
16:21 of 3rd period - Shot by Rudolfs Balcers.
16:21 of 3rd period - Shot Hit the Post.
17:23 of 3rd period - Shot by Jack Hughes.
17:23 of 3rd period - Stopped by Juuse Saros without a rebound.
17:24 of 3rd period - Patrice Bergeron wins face-off versus Carter Rowney in Maple Leafs zone.
17:25 of 3rd period - Shot by Anthony Beauvillier.
17:25 of 3rd period - Shot Blocked by Nikita Zadorov.
17:32 of 3rd period - Icing by Nikita Zadorov.
17:33 of 3rd period - Patrice Bergeron wins face-off versus Carter Rowney in Maple Leafs zone.
17:33 of 3rd period - Dakota Mermis is hit by Nikita Zadorov and loses puck.
17:44 of 3rd period - Shot by Patrice Bergeron.
17:44 of 3rd period - Stopped by Juuse Saros without a rebound.
17:45 of 3rd period - Jamie Benn wins face-off versus Jack Hughes in Maple Leafs zone.
17:57 of 3rd period - Shot by Jack Hughes.
17:57 of 3rd period - Shot Blocked by Marcus Pettersson.
17:59 of 3rd period - Shot by Zach Sanford.
17:59 of 3rd period - Deflect By Alexander Kerfoot.
17:59 of 3rd period - Stopped by Juuse Saros without a rebound.
18:00 of 3rd period - Patrice Bergeron wins face-off versus Jeff Carter in Maple Leafs zone.
18:05 of 3rd period - Shot by Patrice Bergeron.
18:05 of 3rd period - Stopped by Juuse Saros without a rebound.
18:06 of 3rd period - Jake Evans wins face-off versus Jack Hughes in Maple Leafs zone.
18:37 of 3rd period - Shot by Jack Hughes.
18:37 of 3rd period - Shot Misses the Net.
19:13 of 3rd period - Shot by Patrice Bergeron.
19:13 of 3rd period - Shot Hit the Post.
Goals for this period are 0 for Canucks vs 1 for Maple Leafs.
Shots for this period are 8 for Canucks vs 7 for Maple Leafs.

Overtime #1


0:01 of 1st overtime period - Patrice Bergeron wins face-off versus Jamie Benn in neutral zone.
1:21 of 1st overtime period - Shot by Jack Hughes.
1:21 of 1st overtime period - Goal by Jack Hughes - Canucks : 4 - Maple Leafs : 3.
Goals for this period are 1 for Canucks vs 0 for Maple Leafs.
Shots for this period are 1 for Canucks vs 0 for Maple Leafs.